 Dungeon Crawl Stone Soup version 0.27-a0-1332-g84bddb5ca7 (webtiles) character file.

Game seed: 8490714033652146952

4 Brandom the Sneak (level 1, 0/18 HPs)
             Began as a Demonspawn Delver on June 25, 2021.
             Slain by an adder (2 damage)
             ... on level 2 of the Dungeon.
             The game lasted 00:01:46 (248 turns).

Brandom the Sneak (Demonspawn Delver)                Turns: 248, Time: 00:01:46

Health: 0/18       AC:  3    Str:  9 (12) XL:     1   Next: 58%
Magic:  1/1        EV: 11    Int: 10 (11) God:
Gold:   19         SH:  0    Dex: 11 (14) Spells: 0/0 levels left

rFire    . . .     SeeInvis .   a - +0 falchion
rCold    . . .     Faith    .   (no shield)
rNeg     . . .     Spirit   .   b - +0 leather armour
rPois    .         Reflect  .   (no helmet)
rElec    .         Harm     .   (no cloak)
rCorr    .         Rampage  .   (no gloves)
Will     .....                  (no boots)
Stlth    ++........             (no amulet)
HPRegen  0.06/turn              (no ring)
MPRegen  0.07/turn              (no ring)

@: lethally poisoned (0 -> -5)
A: no striking features
a: no special abilities


You were on level 2 of the Dungeon.
You visited 1 branch of the dungeon, and saw 4 of its levels.

You collected 19 gold pieces.

Inventory:

Hand Weapons
 a - a +0 falchion (weapon)
Armour
 b - a +0 leather armour (worn)
Wands
 h - a wand of polymorph (3)
   (You found it on level 4 of the Dungeon)
 v - a wand of digging (3)
Scrolls
 c - a scroll of fog
 d - a scroll of magic mapping
 g - 2 scrolls of fear
 i - a scroll of vulnerability {unknown}
Potions
 e - a potion of degeneration {!q}
 f - a potion of haste {@q3}
 j - a potion of mutation {unknown}


   Skills:
 * Level 3.1 Fighting
 * Level 1.9 Long Blades
 + Level 0.1 Armour
 + Level 1.8 Dodging
 - Level 4.5 Stealth


You couldn't memorise any spells.
You didn't know any spells.
Your spell library was empty.

Dungeon Overview and Level Annotations

Branches:
Dungeon (5/15)
 Temple: D:4-7

Altars:


Message History

The ball python's grasp on you weakens, but your attempt to escape fails.
The adder barely misses you.
The frilled lizard bites you but does no damage.
The ball python bites you but does no damage.
The ball python constricts you. The endoplasm freezes you.
You are frozen.
The adder bites you.
Unknown command.
You hit the ball python.
You kill the ball python!
The adder bites you but does no damage.
The frilled lizard bites you but does no damage.
The endoplasm freezes you.
You are frozen.
Unknown command.
Unknown command.
The frilled lizard barely misses you. The endoplasm closely misses you.
You riposte.
You hit the endoplasm but do no damage. The adder bites you.
* * * LOW HITPOINT WARNING * * *
Found an escape hatch in the floor.
You see here a ball python corpse.
The endoplasm closely misses you.
You riposte.
You hit the endoplasm.
Found 2 gold pieces.
Found a scroll labelled ANUISHUOLI and 10 sling bullets.
The frilled lizard bites you but does no damage.
The adder misses you.
You slash the endoplasm!
You kill the endoplasm!
The frilled lizard misses you.
You riposte.
You hit the frilled lizard but do no damage.
You miss the frilled lizard. The frilled lizard bites you.
* * * LOW HITPOINT WARNING * * *
The frilled lizard bites you but does no damage.
You hit the frilled lizard.
You kill the frilled lizard!
The adder misses you.
Unknown command.
You hit the adder but do no damage. The adder bites you but does no damage.
You miss the adder. The adder closely misses you. The adder bites you.
* * * LOW HITPOINT WARNING * * *
You are lethally poisoned!
The adder poisons you!
Okay, then.
It was a potion of degeneration.
There was something very wrong with that liquid.
You feel weakened.
You feel dopey.
You feel clumsy.
e - a potion of degeneration;
g - 2 scrolls of fear
* * * LOW HITPOINT WARNING * * *
You feel sick. The adder bites you.
You die...

#.#.#.#.#
.........
#.......# ##
........(..#
#....>..#..## ..
.....)......###.#
#.......#........
.......@.........
#.#.#.#S#.......
..........[.....
###........#.##
.........†># #
.#...........#
?$...........#
.............#
...........>...


You could see an adder.

Vanquished Creatures
  An endoplasm (D:2)
  2 ball pythons
  A frilled lizard (D:2)
  A rat (D:3)
5 creatures vanquished.

Notes
Turn   | Place    | Note
-------+----------+-------------------------------------------
     0 | D:5      | Brandom the Demonspawn Delver began the quest for the Orb.
     0 | D:5      | Reached XP level 1. HP: 18/18 MP: 1/1
     2 | D:5      | Noticed an iguana
    67 | D:4      | Noticed a howler monkey
    68 | D:4      | Noticed a jelly
   248 | D:2      | Slain by an adder

Illustrated notes

Levels and vault maps discovered:
D:2:      layout_rooms, st_stairs_4
D:3:      layout_rooms
D:4:      layout_gridville, minmay_curled_crystal, grunt_ministairs_9,
          uniq_robin
D:5:      layout_rooms, kennysheep_generic_room_13

Action                   || total
-------------------------++-------
Melee: Falchion          ||    10
  Use: Potion            ||     1
Armor: Leather armour    ||    14
Dodge: Dodged            ||    24
       Rpst.: Falchion   ||     7

Table legend: (Time is in decaauts)
 A = Elapsed time spent in this place.
 B = Non-inter-level travel time spent in this place.
 C = Inter-level travel time spent in this place.
 D = Time resting spent in this place.
 E = Time spent auto-exploring this place.
 F = Levels seen in this place.
 G = Mean time per level.
                   A        B        C        D        E       F      G
               +--------+--------+--------+--------+--------+-----+--------+
         Total |    250 |    250 |      0 |    109 |     23 |   4 |   62.5 |
       Dungeon |    250 |    250 |      0 |    109 |     23 |   4 |   62.5 |
               +--------+--------+--------+--------+--------+-----+--------+

Top non-repeatable levels by time:
     D:3: 144 daAuts
     D:4: 80 daAuts
     D:2: 20 daAuts
     D:5: 5 daAuts
